 Dungeon Crawl Stone Soup version 0.30-a0-1116-gebefce21f7 (webtiles) character file.

Game seed: 5232510249427637741

553734 GigaChad the Conqueror (level 27, 46/87 (224) HPs) *EXPLORE*
             Began as a Formicid Fighter on Apr 20, 2023.
             Was the Champion of Okawaru.
             Quit the game on level 2 of the Depths on Apr 21, 2023.
             The game lasted 01:42:32 (47036 turns).

GigaChad the Conqueror (Formicid Fighter)          Turns: 47036, Time: 01:42:32

HP:   46/87 (224)   AC: 35    Str: 20 (34) XL:     27
MP:   30/30         EV:  2    Int: -3 (11) God:    Okawaru [******]
Gold: 5224          SH:  0    Dex: -7 (20) Spells: 26/26 levels left

rFire   . . .      SeeInvis +    w - +9 executioner's axe (vamp)
rCold   x . .      Faith    .    r - +8 tower shield of Honesty {rPois SInv}
rNeg    . . .      Spirit   .    L - +2 crystal plate armour of the Iron Devil {rPois Stlth+}
rPois   +          Reflect  .    (helmet unavailable)
rElec   +          Rampage  .    u - +1 cloak of Starlight {*Dazzle EV+4 Stlth--}
rCorr   .                        K - +1 pair of gloves {Dex+3}
Will    ++++.                    e - +2 pair of boots of Kalo {rElec Will+ Regen+} Stlth
                                 j - amulet of regeneration
HPRegen 1.94/turn                R - ring "Coidal" {Fire Will+ Slay+3}
MPRegen 0.22/turn                x - +6 ring of strength

@: slowed, lost intelligence, lost dexterity, studying Evocations, extremely
drained, unable to read, unable to drink, very slow
A: permanent stasis, dig shafts and tunnels, antennae 3, four strong arms,
hooves 1, agile 1, deterioration 2, frail 1, low MP 1, screaming 2, weak 1, heat
vulnerability 1, subdued magic 1, inability to drink after injury 2, inability
to read after injury 2
}: 4/15 runes: decaying, serpentine, silver, golden
a: Dig, Shaft Self, Renounce Religion, Heroism, Finesse, Duel


You were on level 2 of the Depths.
You worshipped Okawaru.
Okawaru was exalted by your worship.
You visited 9 branches of the dungeon, and saw 43 of its levels.

You collected 7720 gold pieces.
You spent 2496 gold pieces at shops.

Inventory:

Hand Weapons
 a - the +6 halberd "Hydra's Regret" {elec, *Slow Str+2 Int+2}
   (You found it on level 3 of the Crypt)

   Str:       It affects your strength (+2).
   Int:       It affects your intelligence (+2).
   *Slow:     It may slow you when you take damage.
 p - the +2 arbalest of Patterns {flame, rF+ Str+5}
   (Okawaru gifted it to you on level 1 of the Tomb of the Ancients)

   Str:       It affects your strength (+5).
   rF:        It protects you from fire.
 q - a +1 demon blade
 s - the +4 trident "Tyikk" {freeze, rF- rN+++ Str+3 Int+6}
   (Okawaru gifted it to you on level 2 of the Vaults)

   Str:       It affects your strength (+3).
   Int:       It affects your intelligence (+6).
   rF:        It makes you vulnerable to fire.
   rN:        It renders you almost immune to negative energy.
 w - a +9 vampiric executioner's axe (weapon)
 E - the +5 halberd of Yptopret {heavy, Fly rPois rF+ Str+2}
   (You found it on level 3 of the Lair of Beasts)

   Str:       It affects your strength (+2).
   rF:        It protects you from fire.
   rPois:     It protects you from poison.
   Fly:       It grants you flight.
 I - the +4 war axe of Illeross {antimagic, Str+3}
   (Okawaru gifted it to you on level 1 of the Vaults)

   Str:       It affects your strength (+3).
 N - the +7 broad axe of the Ageing Saviour {freeze, rPois}
   (You found it on level 5 of the Vaults)

   rPois:     It protects you from poison.
 W - the +10 long sword of Internal Strife {venom, rC+}
   (You found it on level 5 of the Vaults)

   rC:        It protects you from cold.
 Z - the +4 quarterstaff of the Eternal Void {vamp, rElec Dex+3}
   (Okawaru gifted it to you on level 4 of the Lair of Beasts)

   Dex:       It affects your dexterity (+3).
   rElec:     It insulates you from electricity.
Armour
 b - the +2 scale mail "Onoykhla" {*Slow rN+ Str+5 SInv}
   (Okawaru gifted it to you on level 3 of the Snake Pit)

   Str:       It affects your strength (+5).
   rN:        It protects you from negative energy.
   SInv:      It lets you see invisible.
   *Slow:     It may slow you when you take damage.
 c - quicksilver dragon scales
 e - the +2 pair of boots of Kalo (worn) {rElec Will+ Regen+}
   (You acquired it on level 3 of the Snake Pit)

   rElec:     It insulates you from electricity.
   Regen:     It increases your rate of health regeneration.
   Will:      It increases your willpower.
 h - +4 pearl dragon scales
 r - the +8 tower shield of Honesty (worn) {rPois SInv}
   (You took it off Louise on level 14 of the Dungeon)

   rPois:     It protects you from poison.
   SInv:      It lets you see invisible.
 u - the +1 cloak of Starlight (worn) {*Dazzle EV+4 Stlth--}
   (You found it on level 3 of the Snake Pit)

   *Dazzle:   It may blind those who miss an attack against the wearer in melee
   combat.
   EV:        It affects your evasion (+4).
   Stlth:     It makes you much less stealthy.
 v - +0 shadow dragon scales
 K - a +1 pair of gloves of dexterity (worn)
 L - the +2 crystal plate armour of the Iron Devil (worn) {rPois Stlth+}
   (Okawaru gifted it to you on level 3 of the Snake Pit)

   rPois:     It protects you from poison.
   Stlth:     It makes you more stealthy.
Jewellery
 j - an amulet of regeneration (around neck)
 x - a +6 ring of strength (right hand)
 R - the ring "Coidal" (left hand) {Fire Will+ Slay+3}
   (You found it on level 2 of the Swamp)

   [ring of fire]

   It enhances your fire magic.
   Slay:      It affects your accuracy & damage with ranged weapons and melee
   (+3).
   rF:        It protects you from fire.
   rC:        It makes you vulnerable to cold.
   Will:      It increases your willpower.
Wands
 H - a wand of mindburst (71)
 M - a wand of iceblast (72)
 S - a wand of flame (78)
 V - a wand of quicksilver (41)
Scrolls
 f - 10 scrolls of noise
 t - 20 scrolls of teleportation
 y - 37 scrolls of identify
 C - a scroll of brand weapon
 F - 7 scrolls of fear
 J - 3 scrolls of amnesia
 O - 7 scrolls of immolation (quivered)
 Y - 7 scrolls of fog
Potions
 d - 12 potions of might
 g - 12 potions of flight
 i - 12 potions of curing
 k - 8 potions of mutation
 l - 5 potions of ambrosia
 m - 6 potions of magic
 n - 13 potions of attraction
 o - 3 potions of resistance
 z - 8 potions of brilliance
 A - 4 potions of degeneration
 G - 8 potions of lignification
 P - 8 potions of heal wounds
 Q - 2 potions of cancellation
 T - 4 potions of invisibility
Miscellaneous
 B - a lightning rod (4/4)
 D - a piece from Xom's chessboard (15/15)
 U - a phial of floods (inert)
 X - a figurine of a ziggurat


   Skills:
 O Level 27 Fighting
 - Level 20.8(23.1) Axes
 * Level 14.5(19.4) Maces & Flails
 - Level 9.8(16.5) Polearms
 - Level 16.1 Armour
 - Level 0.8 Dodging
 - Level 0.1 Stealth
 O Level 27 Shields
 * Level 13.7 Conjurations
 * Level 14.5 Invocations


You had 26 spell levels left.
You didn't know any spells.
Your spell library contained the following spells:

 Spells                   Type           Power      Damage    Failure   Level
 Kiss of Death            Conj/Necr      0%         2d5       89%         1
 Momentum Strike          Conj/Tloc      0%         3d8       96%         2
 Iskenderun's Battlesphe  Conj           0%         2d6       97%         5
 Stone Arrow              Conj/Erth      0%         3d7       99%         3
 Apportation              Tloc           0%         N/A       100%        1
 Necrotise                Necr           0%         1d4       100%        1
 Sandblast                Erth           0%         2d4       100%        1
 Slow                     Hex            0%         N/A       100%        1
 Sting                    Tmut/Pois      0%         1d3       100%        1
 Cigotuvi's Dreadful Rot  Necr/Pois/Air  0%         N/A       100%        2
 Lesser Beckoning         Tloc           0%         N/A       100%        2
 Passwall                 Tmut/Erth      0%         N/A       100%        2
 Poisonous Vapours        Pois/Air       0%         N/A       100%        2
 Scorch                   Fire           0%         2d5       100%        2
 Confusing Touch          Hex            0%         N/A       100%        3
 Frozen Ramparts          Ice            0%         1d1       100%        3
 Gell's Gravitas          Tloc           0%         N/A       100%        3
 Ignite Poison            Fire/Tmut/Pois 0%         N/A       100%        3
 Ozocubu's Armour         Ice            0%         N/A       100%        3
 Portal Projectile        Hex/Tloc       0%         N/A       100%        3
 Teleport Other           Tloc           0%         N/A       100%        3
 Vampiric Draining        Necr           0%         2d6       100%        3
 Dispel Undead            Necr           0%         3d6       100%        4
 Flame Wave               Conj/Fire      0%         2d4       100%        4
 Ice Form                 Ice/Tmut       0%         N/A       100%        4
 Manifold Assault         Tloc           0%         N/A       100%        4
 Olgreb's Toxic Radiance  Pois           0%         N/A       100%        4
 Passage of Golubria      Tloc           0%         N/A       100%        4
 Sticky Flame             Conj/Fire      0%         2d3       100%        4
 Agony                    Necr           0%         N/A       100%        5
 Alistair's Intoxication  Tmut/Pois      0%         N/A       100%        5
 Blade Hands              Tmut           0%         N/A       100%        5
 Freezing Cloud           Conj/Ice/Air   0%         6-21      100%        5
 Conjure Ball Lightning   Conj/Air       0%         3x3d6     100%        6
 Dispersal                Tloc           0%         N/A       100%        6
 Iron Shot                Conj/Erth      0%         9d1       100%        6
 Dragon Form              Tmut           0%         N/A       100%        7
 Ozocubu's Refrigeration  Ice            0%         4d7       100%        7
 Storm Form               Tmut/Air       0%         N/A       100%        7
 Discord                  Hex            0%         N/A       100%        8
 Disjunction              Tloc           0%         N/A       100%        8
 Ignition                 Fire           0%         3d3       100%        8
 Maxwell's Capacitive Co  Air            0%         ∞         100%        8
 Polar Vortex             Ice            0%         N/A       100%        9
 Summon Small Mammal      Summ           Unusable   N/A       N/A         1
 Blink                    Tloc           Unusable   N/A       N/A         2
 Tukima's Dance           Hex            Unusable   N/A       N/A         3
 Summon Ice Beast         Ice/Summ       Unusable   N/A       N/A         4
 Summon Lightning Spire   Summ/Air       Unusable   N/A       N/A         4
 Death Channel            Necr           Unusable   N/A       N/A         6
 Simulacrum               Ice/Necr       Unusable   N/A       N/A         6
 Summon Cactus Giant      Summ           Unusable   N/A       N/A         6
 Spellforged Servitor     Conj/Summ      Unusable   N/A       N/A         7

Dungeon Overview and Level Annotations

Branches:
Dungeon (15/15)            Temple (0/1) D:7            Lair (5/5) D:8
  Swamp (4/4) Lair:2        Snake (4/4) Lair:3        Slime (0/5) Lair:5
    Orc (2/2) D:10            Elf (0/3) Orc:2        Vaults (5/5) D:14
  Crypt (3/3) Vaults:3       Tomb (3/3) Crypt:3      Depths (2/4) D:15

Altars:
Dithmenos
Elyvilon
Gozag
Hepliaklqana
Kikubaaqudgha
Makhleb
Okawaru
Qazlal
Ru
Sif Muna
Trog
Uskayaw
Vehumet
Wu Jian
Yredelemnul
Zin
Jiyva

Shops:
D:5 ?   D:10 **   Orc:2 [*(=   Snake:3 =*=   Snake:4 =:=   Vaults:2 =
Vaults:3 =   Depths:1 :*

Portals:
Hell: Depths:1 Depths:2
Pandemonium: Depths:2


Innate Abilities, Weirdness & Mutations

You cannot be hasted, slowed, berserked, paralysed or teleported.
You can dig through walls and to a lower floor.
You have a pair of large antennae on your head. (SInv)
Your four strong arms can wield two-handed weapons with a shield.
You have large cloven feet.
You are agile. (Dex +4, Str/Int -1)
Your body often deteriorates upon taking damage.
You are frail. (-10% HP)
Your magical capacity is low. (-10% MP)
You frequently scream uncontrollably at your foes.
You are weak. (Str -2)
You are vulnerable to heat. (rF-)
Your spells are a little easier to cast, but a little less powerful.
You sometimes lose the ability to drink potions when taking damage.
You sometimes lose the ability to read scrolls when taking damage.


Message History

Thought so.
You feel drained.
Unknown command.
Unknown command.
Unknown command.
Grunn hits you but does no damage.
You feel drained. Grunn hits you but does no damage.
You feel drained.
Unknown command.
Grunn hits you but does no damage.
You feel drained.
Unknown command.
Unknown command.
Grunn hits you with a +5 glaive of draining.
You feel drained.
Grunn hits you with a +5 glaive of draining!!
You feel drained.
Unknown command.
You slash Grunn!
Grunn is severely damaged.
Grunn completely misses you.
Unknown command.
You slash Grunn!
Grunn is almost destroyed.
Grunn hits you with a +5 glaive of draining!!
Your body deteriorates!
You feel clumsy.
You feel drained.
Unknown command.
Unknown command.
You slice Grunn!!
Grunn is almost destroyed.
Grunn hits you with a +5 glaive of draining.
You feel drained.
You slice Grunn!!
You destroy Grunn!
Okawaru accepts your kill.
You feel your intelligence returning.
Unknown command.
Unknown command.
Items here: )) [[ †.
Unknown command.
You see here a doom hound corpse.
Are you sure you want to abandon this character and quit the game? (Confirm with "yes".)

#..... #....
#.... #
#...######..
####...##....
#. ...........
...###...#..#
#.<....@.#..#
....>..(†...#
#.....#.)##.###
......#..##...#
#...........#.#
#....######.#.#
#...........#.#
#.#..#####..#.#
{ . #..#.#


There were no monsters in sight!

Vanquished Creatures
  2 dread liches (Crypt:3)
  5 ancient liches
  30 royal mummies
  Bai Suzhen (Swamp:3)
  Margery (Vaults:5)
  Sojobo (Crypt:3)
  Frederick (Vaults:4)
  A curse toe (Crypt:3)
  Nikola (Snake:4)
  Jory (Crypt:1)
  3 doom hounds (Depths:2)
  2 tentacled monstrosities (Vaults:5)
  Rupert (D:14)
  Grunn (Depths:2)
  3 quicksilver dragons
  2 liches
  3 titans (Vaults:5)
  9 sphinxes
  11 ancient champions
  3 thorn hunters
  Donald (Vaults:2)
  4 shadow dragons (Vaults:5)
  4 revenants
  The ghost of patfeehan111222 the Severer, an adept DsBe of Trog (Snake:1)
  6 tengu reavers
  4 nagarajas
  4 storm dragons (Vaults:5)
  2 frost giants (Depths:1)
  2 deep elf sorcerers (Vaults:5)
  4 fenstrider witches
  An iron dragon (Vaults:5)
  Louise (D:14)
  2 fire giants (Vaults:5)
  A caustic shrike zombie (Tomb:3)
  16 vault wardens
  Aizul (Swamp:3)
  2 curse skulls (Crypt:3)
  6 orc warlords
  2 very ugly things
  5 caustic shrike skeletons
  5 ghouls
  A reaper (Crypt:3)
  2 war gargoyles
  2 juggernaut skeletons
  The ghost of relicbr the Marksspriggan, a journeyman SpDe (Swamp:2)
  19 ironbound preservers
  8 stone giants
  5 vampire knights
  A deep elf demonologist (Vaults:5)
  6 eleionomae
  4 ironbound thunderhulks
  16 bennus
  A deep elf annihilator (Vaults:5)
  2 bunyips (Swamp:3)
  14 dire elephants
  2 blizzard demons
  6 eidola
  Snorg (D:14)
  A green death (Swamp:4)
  24 mummy priests
  4 shambling mangroves
  2 deep elf high priests (Vaults:5)
  10 ettins
  3 entropy weavers
  A spriggan zombie (Tomb:1)
  3 fire dragons
  5 deep elf death magi
  17 yaktaur captains
  Fannar (Orc:1)
  7 great orbs of eyes
  6 jiangshi
  32 vault guards
  2 ice dragons
  A salamander tyrant (Snake:4)
  A catoblepas (shapeshifter) (Vaults:5)
  An ogre mage (Swamp:4)
  A quicksilver dragon skeleton (Crypt:1)
  Harold (D:9)
  12 hydras
  A fenstrider witch skeleton (Crypt:3)
  A catoblepas (Lair:5)
  13 anacondas
  A peacekeeper (Vaults:2)
  4 boulder beetles
  6 alligators
  11 ironbound frosthearts
  2 spriggan skeletons (Crypt:3)
  5 death knights
  19 naga warriors
  2 dancing weapons (D:14)
  4 two-headed ogres
  73 death scarabs
  20 centaur warriors
  3 deep troll shamans (Depths:1)
  A death yak (Lair:2)
  6 tengu warriors
  2 orc high priests (Orc:2)
  10 shock serpents
  7 vampire magi
  A deep troll earth mage (Vaults:5)
  A spriggan berserker (Depths:2)
  7 soul eaters
  A sun demon (Depths:1)
  18 naga sharpshooters
  10 hell knights (Vaults:5)
  4 titan skeletons (Crypt:3)
  A fire crab (shapeshifter) (D:13)
  31 skeletal warriors
  2 iron trolls (Depths:1)
  2 sixfirhies
  A skyshark (Lair:2)
  A death drake (shapeshifter) (Depths:1)
  36 deep trolls
  7 goliath frogs
  A shadow demon (Depths:2)
  5 spriggan druids
  6 flayed ghosts
  A storm dragon skeleton (Crypt:3)
  A spriggan simulacrum (Tomb:3)
  A tengu zombie (Vaults:1)
  4 bog bodies
  8 naga ritualists
  5 swamp dragons
  8 lindwurms
  14 phantasmal warriors
  5 necromancers
  An iron giant skeleton (Crypt:3)
  5 harpies (Vaults:1)
  An orange crystal statue (Snake:1)
  9 orc sorcerers
  14 wizards
  21 ironbound convokers
  12 orc knights
  2 fire giant zombies
  3 deep elf pyromancers
  A harpy (shapeshifter) (Vaults:5)
  37 ugly things
  2 oklob plants (D:11)
  8 mana vipers
  Pikel (D:9)
  2 goliath frog skeletons
  2 will-o-the-wisps
  A jorogumo skeleton (Crypt:2)
  Maurice (D:9)
  5 cyclopes
  3 manticores
  A stone giant skeleton (Vaults:2)
  9 salamanders
  13 naga magi
  21 vault sentinels
  43 black mambas
  12 elephants
  4 gargoyles
  7 guardian serpents
  8 torpor snails
  2 smoke demons
  2 orange demons (Depths:2)
  7 cane toads
  Psyche (D:11)
  A death yak zombie (Crypt:3)
  2 yaktaur zombies
  8 komodo dragons
  An unseen horror (D:10)
  A dire elephant skeleton (Crypt:3)
  24 yaktaurs
  2 efreet
  A white draconian zombie (Crypt:1)
  6 rime drakes
  4 kobold demonologists
  A green draconian skeleton (Crypt:1)
  2 unseen horror zombies (D:9)
  5 naga skeletons
  3 tengu conjurers
  An ice devil (Depths:2)
  5 freezing wraiths
  38 guardian mummies
  A red devil (Depths:2)
  A sea snake skeleton (Crypt:3)
  A yaktaur skeleton (Vaults:2)
  A death yak skeleton (Crypt:2)
  6 hellwings
  7 tyrant leeches
  22 hornets
  9 trolls
  20 blink frogs
  3 polar bears
  A tarantella (Vaults:4)
  4 harpy skeletons (Crypt:3)
  A boulder beetle zombie (Crypt:2)
  2 dream sheep (Lair:5)
  A jumping spider (Vaults:4)
  34 slime creatures
  A shadow (D:10)
  20 flying skulls
  6 ushabtiu
  5 spriggans
  A water elemental (D:15)
  8 wraiths
  4 wyverns
  An ettin skeleton (Tomb:2)
  A vampire (D:9)
  42 yaks
  2 neqoxecs
  6 basilisks
  2 steam dragons
  2 redbacks
  11 vampire mosquitoes
  A yaktaur simulacrum (Vaults:1)
  5 chaos spawn
  52 nagas
  10 swamp worms
  A demonspawn zombie (Crypt:3)
  2 acid dragons
  10 water moccasins
  A swamp drake (Swamp:4)
  3 sky beasts (D:7)
  A floating eye (D:11)
  35 orc warriors
  An elephant zombie (Crypt:3)
  3 ice beasts
  4 ogres
  6 black bears
  A lindwurm zombie (Crypt:1)
  3 boggarts (Vaults:2)
  3 centaurs
  A wolf (D:5)
  A blink frog skeleton (Crypt:1)
  2 lemures (D:9)
  2 phantoms (D:6)
  10 bullfrogs
  9 kobold brigands
  A salamander zombie (Crypt:3)
  3 necrophages (D:9)
  A glowing shapeshifter simulacrum (Vaults:1)
  2 gnoll sergeants (D:5)
  A cyclops skeleton (Crypt:3)
  17 wights
  3 scorpions
  10 killer bees
  A raiju skeleton (Crypt:2)
  7 howler monkeys
  An electric eel (D:15)
  2 human zombies
  18 orc priests
  A bullfrog zombie (Crypt:2)
  3 centaur zombies
  11 hounds
  5 gnoll boudas (D:5)
  5 jellies
  Crazy Yiuf (D:5)
  5 centaur skeletons
  Jessica (D:2)
  5 iguanas
  3 sleepcaps
  25 orc wizards
  A hell rat (Lair:3)
  A deep dwarf skeleton (Crypt:1)
  51 mummies
  A howler monkey zombie (D:9)
  Robin (D:2)
  25 gnolls (D:5)
  5 adders
  A shadow imp (D:6)
  A white imp (D:6)
  4 ufetubi (D:5)
  A lava snake zombie (Crypt:3)
  3 worms
  2 dart slugs (D:3)
  81 orcs
  3 endoplasms
  2 giant cockroaches
  9 goblins
  4 hobgoblins
  6 jackals
  3 quokkas
  4 ball pythons
  6 bats
  2 frilled lizards (D:2)
  A goblin zombie (Crypt:2)
  44 kobolds
  A quokka skeleton (Crypt:2)
  5 rats
  7 briar patches (Swamp:3)
1921 creatures vanquished.

Vanquished Creatures (others)
  A revenant (Tomb:3)
  A yaktaur captain (Vaults:5)
  3 alligators
  A tengu warrior (D:10)
  2 naga sharpshooters
  2 skeletal warriors (Crypt:3)
  A swamp dragon (Swamp:3)
  A cyclops (shapeshifter) (D:10)
  A yaktaur (Vaults:1)
  2 bloated husks (Swamp:3)
  A tyrant leech (Swamp:1)
  A swamp worm (Swamp:1)
  2 nagas
  An orc warrior (Orc:2)
  A swamp drake (Swamp:1)
  2 boggarts (Vaults:2)
  3 orcs
  4 foxfires (Swamp:3)
  24 fungi
  23 plants
  12 withered plants (Crypt:3)
89 creatures vanquished.

Grand Total: 2010 creatures vanquished

Notes
Turn   | Place    | Note
-------+----------+-------------------------------------------
     0 | D:1      | GigaChad the Formicid Fighter began the quest for the Orb.
     0 | D:1      | Reached XP level 1. HP: 18/18 MP: 1/1
     0 | D:1      | Entered explore mode.
   509 | D:1      | Reached XP level 2. HP: 24/24 MP: 2/2
  1044 | D:2      | Found a hide-covered altar of Uskayaw.
  1047 | D:2      | Noticed Robin
  1052 | D:2      | Reached XP level 3. HP: 21/30 MP: 3/3
  1056 | D:2      | Killed Robin
  1267 | D:2      | Found a faded altar of an unknown god.
  1280 | D:2      | Noticed Jessica
  1287 | D:2      | Killed Jessica
  1288 | D:2      | Reached XP level 4. HP: 19/37 MP: 4/4
  1748 | D:3      | Found an iron altar of Okawaru.
  1780 | D:3      | Became a worshipper of Warmaster Okawaru
  1931 | D:3      | Reached XP level 5. HP: 42/42 MP: 5/5
  2648 | D:4      | Noticed a black bear
  2656 | D:4      | Killed a black bear
  2657 | D:4      | Reached XP level 6. HP: 35/49 MP: 6/6
  2790 | D:4      | Reached * piety under Okawaru
  2791 | D:4      | Reached skill level 5 in Shields
  2816 | D:4      | Reached XP level 7. HP: 11/55 MP: 7/7
  2819 | D:4      | Slain by an orc
                  | ... wielding a +0 short sword
                  | (4 damage)
  3125 | D:4      | Found an ancient bone altar of Kikubaaqudgha.
  3153 | D:5      | Entered Level 5 of the Dungeon
  3168 | D:5      | Killed by divine providence
                  | ... invoked by an orc priest
                  | (13 damage)
  3174 | D:5      | Reached skill level 5 in Axes
  3174 | D:5      | Reached skill level 5 in Armour
  3178 | D:5      | HP: 2/55 [gnoll (1)]
  3179 | D:5      | Slain by an orc priest
                  | ... wielding a +0 club
                  | (4 damage)
  3182 | D:5      | Slain by an orc priest
                  | ... wielding a +0 club
                  | (3 damage)
  3186 | D:5      | Slain by an ogre
                  | ... wielding a +0 giant club
                  | (17 damage)
  3187 | D:5      | Reached ** piety under Okawaru
  3205 | D:5      | Reached skill level 5 in Fighting
  3208 | D:5      | Reached XP level 8. HP: 33/62 MP: 8/8
  3239 | D:5      | HP: 2/62 [gnoll/+0 club (7)]
  3248 | D:5      | HP: 2/62 [wolf (5)]
  3248 | D:5      | Slain by a wolf (6 damage)
  3624 | D:5      | Found Hutonur's Magic Scroll Emporium.
  3675 | D:5      | Slain by a gnoll
                  | ... wielding a +0 halberd
                  | ... led by a gnoll bouda
                  | (6 damage)
  3764 | D:5      | Reached XP level 9. HP: 54/69 MP: 9/9
  3764 | D:5      | Reached *** piety under Okawaru
  3962 | D:5      | Found a runed translucent door.
  3963 | D:5      | Noticed Crazy Yiuf
  4164 | D:5      | Killed Crazy Yiuf
  4229 | D:5      | Found a stormy altar of Qazlal.
  4229 | D:5      | Found a glowing silver altar of Zin.
  4448 | D:5      | Found a sacrificial altar of Ru.
  4677 | D:5      | Found an opulent altar of Gozag.
  5136 | D:6      | Received a gift from Okawaru
  5353 | D:6      | Found a radiant altar of Vehumet.
  5628 | D:7      | Noticed a two-headed ogre
  5632 | D:7      | Reached XP level 10. HP: 61/77 MP: 10/10
  5635 | D:7      | Reached **** piety under Okawaru
  5637 | D:7      | Demolished by a two-headed ogre
                  | ... wielding a +0 giant club
                  | (22 damage)
  5645 | D:7      | Slain by a sky beast (5 damage)
  5651 | D:7      | Killed a two-headed ogre
  5722 | D:7      | HP: 2/79 [killer bee (3)]
  5722 | D:7      | Succumbed to a killer bee's poison
  5862 | D:7      | Reached ***** piety under Okawaru
  5880 | D:7      | Found a staircase to the Ecumenical Temple.
  6271 | D:8      | Found a shadowy altar of Dithmenos.
  6297 | D:8      | Reached skill level 10 in Axes
  6361 | D:8      | Found a staircase to the Lair.
  6683 | D:8      | Found a hazy altar of Hepliaklqana.
  6683 | D:8      | Found a white marble altar of Elyvilon.
  6865 | D:8      | Found an ornate altar of the Wu Jian Council.
  6934 | D:8      | Received a gift from Okawaru
  7010 | Lair:1   | Entered Level 1 of the Lair of Beasts
  7176 | Lair:1   | Received a gift from Okawaru
  7196 | Lair:1   | HP: 4/80 [basilisk (16)]
  7197 | Lair:1   | Slain by a basilisk (10 damage)
  7214 | Lair:1   | Reached XP level 11. HP: 79/86 MP: 11/11
  7733 | Lair:1   | HP: 2/86 [blink frog (5)]
  7733 | Lair:1   | Slain by a blink frog (2 damage)
  7743 | Lair:1   | Slain by a blink frog (10 damage)
  8088 | Lair:2   | Received a gift from Okawaru
  8210 | Lair:2   | Slain by a cane toad (14 damage)
  8245 | Lair:2   | Mangled by a cane toad (11 damage)
  8249 | Lair:2   | Mangled by a cane toad (15 damage)
  8264 | Lair:2   | Reached skill level 10 in Shields
  8470 | Lair:2   | Noticed a skyshark
  8475 | Lair:2   | Slain by a skyshark (9 damage)
  8479 | Lair:2   | Mangled by a skyshark (18 damage)
  8482 | Lair:2   | Killed a skyshark
  8522 | Lair:2   | HP: 1/89 [poisoned by a black mamba]
  8522 | Lair:2   | Slain by a black mamba (6 damage)
  8527 | Lair:2   | Reached skill level 10 in Armour
  8846 | Lair:2   | Noticed a six-headed hydra
  8846 | Lair:2   | Noticed a death yak
  8853 | Lair:2   | Killed a death yak
  8855 | Lair:2   | HP: 2/89 [eight-headed hydra (7)]
  8856 | Lair:2   | Mangled by a nine-headed hydra (11 damage)
  8858 | Lair:2   | Slain by an 11-headed hydra (5 damage)
  8859 | Lair:2   | Killed a 12-headed hydra
  8859 | Lair:2   | Reached ****** piety under Okawaru
  8860 | Lair:2   | Reached XP level 12. HP: 77/96 MP: 12/12
  9087 | Lair:2   | Found a staircase to the Swamp.
  9459 | Lair:3   | Noticed a seven-headed hydra
  9465 | Lair:3   | HP: 3/97 [eight-headed hydra (12)]
  9465 | Lair:3   | Mangled by an eight-headed hydra (12 damage)
  9467 | Lair:3   | Received a gift from Okawaru
  9467 | Lair:3   | Slain by a nine-headed hydra (7 damage)
  9468 | Lair:3   | Slain by a ten-headed hydra (13 damage)
  9469 | Lair:3   | Slain by an 11-headed hydra (11 damage)
  9471 | Lair:3   | Killed from afar by a naga (6 damage)
                  | ... with a splash of poison
  9472 | Lair:3   | Slain by a 12-headed hydra (11 damage)
  9473 | Lair:3   | Killed a 12-headed hydra
  9473 | Lair:3   | Killed by an exploding 12-headed hydra (26 damage)
                  | ... ignited by their inner flame
  9473 | Lair:3   | Killed by an exploding hell rat (34 damage)
                  | ... ignited by their inner flame
  9474 | Lair:3   | Reached skill level 10 in Fighting
  9475 | Lair:3   | Killed by an exploding water moccasin (34 damage)
                  | ... ignited by their inner flame
  9478 | Lair:3   | Received a gift from Okawaru
  9479 | Lair:3   | Engulfed by a cloud of flame (38 damage)
  9586 | Lair:3   | Noticed an eight-headed hydra
  9593 | Lair:3   | Slain by a 12-headed hydra (13 damage)
  9594 | Lair:3   | HP: 4/99 [12-headed hydra (12)]
  9595 | Lair:3   | HP: 1/99 [13-headed hydra (4)]
  9595 | Lair:3   | Mangled by a 13-headed hydra (13 damage)
  9597 | Lair:3   | Slain by a 15-headed hydra (9 damage)
  9598 | Lair:3   | Killed a 16-headed hydra
 10021 | Lair:3   | Identified the +5 halberd of Yptopret {heavy, Fly rPois rF+
                  | Str+2}
 10082 | Lair:3   | Found a staircase to the Snake Pit.
 10222 | Lair:4   | HP: 3/99 [black mamba (5)]
 10223 | Lair:4   | Demolished by a komodo dragon (21 damage)
 10225 | Lair:4   | Slain by a black mamba (6 damage)
 10231 | Lair:4   | Slain by a black mamba (14 damage)
 10233 | Lair:4   | Reached XP level 13. HP: 93/105 MP: 13/13
 10235 | Lair:4   | HP: 2/105 [komodo dragon (13)]
 10236 | Lair:4   | Succumbed to a black mamba's poison
 10289 | Lair:4   | HP: 3/106 [yak (6)]
 10289 | Lair:4   | Mangled by a yak (11 damage)
 10293 | Lair:4   | HP: 1/106 [elephant (2)]
 10293 | Lair:4   | Slain by a water moccasin (2 damage)
 10297 | Lair:4   | Slain by an elephant (4 damage)
 10301 | Lair:4   | HP: 5/106 [water moccasin (1)]
 10301 | Lair:4   | Mangled by an elephant (15 damage)
 10302 | Lair:4   | Reached skill level 1 in Polearms
 10527 | Lair:4   | Identified the +4 quarterstaff of the Eternal Void {vamp,
                  | rElec Dex+3} (Okawaru gifted it to you on level 4 of the
                  | Lair of Beasts)
 10527 | Lair:4   | Received a gift from Okawaru
 10887 | Lair:5   | Entered Level 5 of the Lair of Beasts
 10933 | Lair:5   | Noticed a seven-headed hydra
 10938 | Lair:5   | HP: 2/106 [nine-headed hydra (12)]
 10939 | Lair:5   | Killed a ten-headed hydra
 10940 | Lair:5   | Noticed a five-headed hydra
 10944 | Lair:5   | Slain by a five-headed hydra (6 damage)
 10947 | Lair:5   | Slain by a six-headed hydra (12 damage)
 10950 | Lair:5   | HP: 3/106 [eight-headed hydra (11)]
 10951 | Lair:5   | Mangled by an eight-headed hydra (11 damage)
 10952 | Lair:5   | Killed a nine-headed hydra
 11045 | Lair:5   | Found a viscous altar of Jiyva.
 11046 | Lair:5   | Found a staircase to the Slime Pits.
 11218 | Lair:5   | Identified the +2 short sword "Sunleicw" {freeze, *Slow
                  | rPois rCorr} (Okawaru gifted it to you on level 5 of the
                  | Lair of Beasts)
 11218 | Lair:5   | Received a gift from Okawaru
 11395 | Lair:5   | Noticed a four-headed hydra
 11404 | Lair:5   | Killed a nine-headed hydra
 11683 | Lair:5   | Noticed a four-headed hydra
 11691 | Lair:5   | HP: 2/108 [seven-headed hydra (5)]
 11691 | Lair:5   | Slain by a seven-headed hydra (3 damage)
 11695 | Lair:5   | Slain by an eight-headed hydra (9 damage)
 11699 | Lair:5   | Killed an 11-headed hydra
 11699 | Lair:5   | Received a gift from Okawaru
 11856 | Lair:5   | Noticed a catoblepas
 11877 | Lair:5   | Killed a catoblepas
 11878 | Lair:5   | Reached XP level 14. HP: 33/115 MP: 14/14
 11887 | Lair:5   | HP: 1/115 [elephant (9)]
 12139 | Lair:5   | Found a runed translucent door.
 12277 | Lair:5   | Mangled by a tyrant leech (21 damage)
 12283 | Lair:5   | Killed from afar by a lindwurm (26 damage)
                  | ... with a blast of flame
 12292 | Lair:5   | HP: 4/116 [lindwurm/blast of flame (25)]
 12293 | Lair:5   | Slain by a lindwurm (9 damage)
 12698 | Snake:1  | Entered Level 1 of the Snake Pit
 12780 | Snake:1  | Mangled by a naga
                  | ... wielding a +0 short sword
                  | (17 damage)
 12781 | Snake:1  | Received a gift from Okawaru
 12795 | Snake:1  | HP: 5/116 [poisoned by a naga mage (bolt of poison)]
 12795 | Snake:1  | Mangled by a naga mage
                  | ... wielding a +0 flail
                  | (9 damage)
 12954 | Snake:1  | Found a transporter.
 12954 | Snake:1  | Found a transporter.
 13000 | Snake:1  | Shot with an arrow by a naga sharpshooter (24 damage)
 13124 | Snake:1  | HP: 3/116 [salamander/+0 glaive (10)]
 13125 | Snake:1  | Succumbed to a black mamba's poison
 13126 | Snake:1  | Slain by a black mamba (8 damage)
 13127 | Snake:1  | Killed from afar by a shock serpent (14 damage)
                  | ... with a bolt of electricity
 13129 | Snake:1  | HP: 3/116 [shock serpent/electric aura (14)]
 13129 | Snake:1  | Succumbed to a black mamba's poison
 13130 | Snake:1  | Succumbed to a naga sharpshooter's splash of poison
 13131 | Snake:1  | Mangled by a shock serpent (13 damage)
 13133 | Snake:1  | Mangled by a salamander
                  | ... wielding a +0 glaive
                  | (15 damage)
 13139 | Snake:1  | HP: 1/118 [salamander/+0 glaive (16)]
 13139 | Snake:1  | Mangled by a salamander
                  | ... wielding a +0 glaive
                  | (12 damage)
 13143 | Snake:1  | Killed by Olgreb's Toxic Radiance
                  | ... invoked by a naga ritualist
                  | (3 damage)
 13146 | Snake:1  | HP: 5/118 [constriction (2)]
 13146 | Snake:1  | Mangled by a salamander
                  | ... wielding a +0 glaive
                  | (15 damage)
 13150 | Snake:1  | HP: 2/118 [salamander/+0 glaive (8)]
 13150 | Snake:1  | Shot with an arrow by a naga sharpshooter (24 damage)
 13389 | Snake:1  | Identified the ring of the Dolphin {Fly rF++ Str-2 Int+6
                  | SInv}
 13428 | Snake:1  | Found a runed translucent gate.
 13428 | Snake:1  | Found a runed translucent gate.
 13430 | Snake:1  | Found a runed translucent gate.
 13432 | Snake:1  | Noticed patfeehan111222's ghost (adept DsBe)
 13446 | Snake:1  | Killed patfeehan111222's ghost
 13493 | Snake:1  | Reached skill level 15 in Axes
 13493 | Snake:1  | HP: 2/118 [black mamba[a naga ritualist] (4)]
 13493 | Snake:1  | Demolished by a salamander
                  | ... wielding a +0 halberd
                  | (16 damage)
 13494 | Snake:1  | Received a gift from Okawaru
 13495 | Snake:1  | Reached XP level 15. HP: 37/124 MP: 15/15
 13495 | Snake:1  | Mangled by a black mamba (15 damage)
                  | ... led by a naga ritualist
 13497 | Snake:1  | Annihilated by a naga warrior
                  | ... wielding a +0 glaive
                  | (36 damage)
 13499 | Snake:1  | Reached skill level 5 in Polearms
 13500 | Snake:1  | HP: 3/124 [naga/+0 scimitar (17)]
 13500 | Snake:1  | Annihilated by a naga
                  | ... wielding a +0 scimitar
                  | (36 damage)
 13504 | Snake:1  | Slain by an anaconda (14 damage)
 13511 | Snake:1  | HP: 3/124 [anaconda (4)]
 13512 | Snake:1  | HP: 1/124 [poisoned by a naga warrior (splash of poison)]
 13512 | Snake:1  | Constricted to death by an anaconda (1 damage)
 13563 | Snake:1  | HP: 6/124 [naga sharpshooter/arrow (7)]
 13569 | Snake:1  | HP: 5/124 [naga sharpshooter/arrow (6)]
 13571 | Snake:1  | Shot with an arrow by a naga sharpshooter (17 damage)
 13800 | Snake:1  | Reached skill level 15 in Shields
 13958 | Snake:1  | HP: 6/124 [poisoned by a naga (splash of poison)]
 13958 | Snake:1  | HP: 1/124 [naga mage/splash of poison (5)]
 13959 | Snake:1  | Succumbed to a naga mage's splash of poison
 14265 | Snake:2  | Received a gift from Okawaru
 14267 | Snake:2  | HP: 2/124 [poisoned by naga mage (concentrated venom)]
 14267 | Snake:2  | Killed from afar by a naga mage (20 damage)
                  | ... with a bolt of poison
 14900 | Snake:2  | Slain by a naga
                  | ... wielding a +0 flail
                  | (17 damage)
 15327 | Snake:3  | HP: 4/125 [mana viper[a naga ritualist] (11)]
 15328 | Snake:3  | Slain by a naga ritualist
                  | ... wielding a +0 long sword
                  | (4 damage)
 15463 | Snake:3  | HP: 5/125 [shock serpent (12)]
 15465 | Snake:3  | Succumbed to a black mamba's poison
 15471 | Snake:3  | HP: 3/125 [shock serpent (13)]
 15472 | Snake:3  | Killed from afar by a shock serpent (17 damage)
                  | ... with an electric aura
 15479 | Snake:3  | HP: 6/125 [constriction[a naga ritualist] (2)]
 15480 | Snake:3  | Slain by an anaconda (4 damage)
                  | ... led by a naga ritualist
 15492 | Snake:3  | HP: 6/126 [shock serpent (6)]
 15492 | Snake:3  | Mangled by a shock serpent (12 damage)
 15496 | Snake:3  | Identified the +2 scale mail "Onoykhla" {*Slow rN+ Str+5
                  | SInv} (Okawaru gifted it to you on level 3 of the Snake
                  | Pit)
 15496 | Snake:3  | Received a gift from Okawaru
 15498 | Snake:3  | Slain by a shock serpent (11 damage)
 15507 | Snake:3  | HP: 5/126 [poisoned by a naga ritualist (splash of poison)]
 15508 | Snake:3  | Succumbed to a naga ritualist's splash of poison
 15509 | Snake:3  | Found the +1 cloak of Starlight {*Dazzle EV+4 Stlth--}
 15617 | Snake:3  | Identified the +7 morningstar of the Heavens {freeze,
                  | Stlth+}
 15626 | Snake:3  | Slain by a salamander
                  | ... wielding a +0 spear
                  | (11 damage)
 15629 | Snake:3  | HP: 6/126 [black mamba (7)]
 15629 | Snake:3  | Shot with an arrow by a naga sharpshooter (20 damage)
 15636 | Snake:3  | Mangled by a naga
                  | ... wielding a +1 trident of freezing
                  | (18 damage)
 15638 | Snake:3  | Reached XP level 16. HP: 110/133 MP: 1/16
 15646 | Snake:3  | HP: 6/133 [naga ritualist/Olgreb's Toxic Radiance (4)]
 15647 | Snake:3  | HP: 1/133 [poisoned by a naga ritualist (toxic radiance)]
 15647 | Snake:3  | Killed by Olgreb's Toxic Radiance
                  | ... invoked by a naga ritualist
                  | (3 damage)
 15654 | Snake:3  | Shot with an arrow by a naga sharpshooter (14 damage)
 15658 | Snake:3  | HP: 3/133 [naga/+0 trident (13)]
 15659 | Snake:3  | Succumbed to a naga ritualist's toxic radiance
 15665 | Snake:3  | HP: 5/133 [poisoned by a naga ritualist (toxic radiance)]
 15665 | Snake:3  | Killed by Olgreb's Toxic Radiance
                  | ... invoked by a naga ritualist
                  | (6 damage)
 15974 | Snake:3  | HP: 4/134 [mana viper[a naga ritualist] (3)]
 15975 | Snake:3  | Killed by Olgreb's Toxic Radiance
                  | ... invoked by a naga ritualist
                  | (4 damage)
 15979 | Snake:3  | Demolished by a naga
                  | ... wielding a +0 glaive
                  | (23 damage)
 15983 | Snake:3  | Noticed a nagaraja
 15983 | Snake:3  | HP: 3/134 [poisoned by a naga ritualist (toxic radiance)]
 15983 | Snake:3  | Killed by Olgreb's Toxic Radiance
                  | ... invoked by a naga ritualist
                  | (4 damage)
 15987 | Snake:3  | HP: 1/134 [naga ritualist/Olgreb's Toxic Radiance (3)]
 15987 | Snake:3  | Constricted to death by a naga warrior (3 damage)
 15992 | Snake:3  | Mangled by a naga
                  | ... wielding a +0 halberd
                  | (18 damage)
 15996 | Snake:3  | Mangled by a naga warrior
                  | ... wielding a +0 dire flail
                  | (15 damage)
 15999 | Snake:3  | Killed a nagaraja
 15999 | Snake:3  | Identified the +2 crystal plate armour of the Iron Devil
                  | {rPois Stlth+} (Okawaru gifted it to you on level 3 of the
                  | Snake Pit)
 15999 | Snake:3  | Received a gift from Okawaru
 15999 | Snake:3  | HP: 5/134 [poisoned by a naga ritualist (toxic radiance)]
 15999 | Snake:3  | HP: 2/134 [naga ritualist/Olgreb's Toxic Radiance (3)]
 15999 | Snake:3  | Killed from afar by a naga warrior (4 damage)
                  | ... with a splash of poison
 16006 | Snake:3  | HP: 3/134 [poisoned by a naga (splash of poison)]
 16007 | Snake:3  | HP: 1/134 [poisoned by a naga (splash of poison)]
 16007 | Snake:3  | Mangled by a naga warrior
                  | ... wielding a +0 dire flail
                  | (12 damage)
 16119 | Snake:3  | Found Giepasch's Jewellery Shoppe.
 16173 | Snake:3  | Noticed a nagaraja
 16185 | Snake:3  | Killed a nagaraja
 16287 | Snake:3  | Found Coetru's Jewellery Shop.
 16295 | Snake:3  | Found Emof's General Store.
 16727 | Snake:4  | Entered Level 4 of the Snake Pit
 16802 | Snake:4  | Noticed Nikola
 16812 | Snake:4  | Killed from afar by Nikola (65 damage)
                  | ... with an arc of chain lightning
 16826 | Snake:4  | Killed Nikola
 16837 | Snake:4  | Found Deigel's Book Shop.
 16838 | Snake:4  | Found Kaaterulet's Jewellery Shoppe.
 16838 | Snake:4  | Found Gaohynki's Jewellery Shoppe.
 17031 | Snake:4  | Slain by a naga
                  | ... wielding a +0 halberd
                  | (18 damage)
 17651 | Snake:4  | Reached XP level 17. HP: 60/140 MP: 17/17
 17731 | Snake:4  | Noticed a quicksilver dragon
 17732 | Snake:4  | Noticed a quicksilver dragon
 17735 | Snake:4  | Killed a quicksilver dragon
 17737 | Snake:4  | Received a gift from Okawaru
 17745 | Snake:4  | Killed from afar by a quicksilver dragon (45 damage)
                  | ... with a bolt of dispelling energy
 17750 | Snake:4  | Killed a quicksilver dragon
 17753 | Snake:4  | Killed from afar by a nagaraja (14 damage)
                  | ... with a bolt of poison
 17762 | Snake:4  | Reached skill level 15 in Fighting
 17851 | Snake:4  | Got a serpentine rune of Zot
 18412 | Swamp:1  | Entered Level 1 of the Swamp
 18457 | Swamp:1  | HP: 6/142 [goliath frog (12)]
 18457 | Swamp:1  | Slain by a swamp dragon (3 damage)
 18463 | Swamp:1  | Slain by an alligator (9 damage)
 18465 | Swamp:1  | HP: 7/142 [acid (4)]
 18465 | Swamp:1  | Mangled by a swamp worm (13 damage)
 18474 | Swamp:1  | Slain by a tyrant leech (24 damage)
 18808 | Swamp:1  | Identified the +0 leather armour of the Spheres {rPois
                  | Will+}
 19383 | Swamp:2  | Received a gift from Okawaru
 19687 | Swamp:2  | Found a runed translucent door.
 19688 | Swamp:2  | Noticed relicbr's ghost (journeyman SpDe)
 19864 | Swamp:2  | Killed relicbr's ghost
 19869 | Swamp:2  | Identified the ring "Coidal" {Fire Will+ Slay+3}
 20076 | Swamp:3  | Noticed a thorn hunter
 20095 | Swamp:3  | Killed from afar by a thorn hunter (19 damage)
                  | ... with a volley of thorns
 20102 | Swamp:3  | Killed a thorn hunter
 20107 | Swamp:3  | Noticed Aizul
 20118 | Swamp:3  | HP: 6/142 [Aizul (7)]
 20119 | Swamp:3  | Killed from afar by Aizul (5 damage)
                  | ... with a bolt of poison
 20122 | Swamp:3  | Killed Aizul
 20124 | Swamp:3  | Reached skill level 15 in Armour
 20126 | Swamp:3  | Noticed Bai Suzhen
 20129 | Swamp:3  | HP: 1/142 [seven-headed hydra[a spriggan druid] (11)]
 20131 | Swamp:3  | Slain by a seven-headed hydra (3 damage)
                  | ... called by a spriggan druid
 20144 | Swamp:3  | Killed from afar by an eleionoma (15 damage)
                  | ... with a spray of wooden splinters
 20151 | Swamp:3  | Engulfed by Bai Suzhen's thunder (32 damage)
 20154 | Swamp:3  | Killed Bai Suzhen
 20620 | Swamp:4  | Entered Level 4 of the Swamp
 20709 | Swamp:4  | Reached XP level 18. HP: 149/149 MP: 18/18
 20724 | Swamp:4  | Received a gift from Okawaru
 21037 | Swamp:4  | HP: 6/151 [spriggan druid/angry trees (9)]
 21037 | Swamp:4  | Slain by a nine-headed hydra (6 damage)
                  | ... called by a spriggan druid
 21049 | Swamp:4  | Killed from afar by a thorn hunter (24 damage)
                  | ... with a volley of thorns
 21210 | Swamp:4  | Gained mutation: You are agile. (Dex +4, Str/Int -1) [a
                  | neqoxec]
 21213 | Swamp:4  | Gained mutation: Your body sometimes deteriorates upon
                  | taking damage. [a neqoxec]
 21292 | Swamp:4  | HP: 7/151 [poison]
 21294 | Swamp:4  | Killed from afar by an eleionoma (9 damage)
                  | ... with a spray of wooden splinters
 21313 | Swamp:4  | Identified the +2 hand crossbow of the Resonant God {speed,
                  | Will+} (Okawaru gifted it to you on level 4 of the Swamp)
 21313 | Swamp:4  | Received a gift from Okawaru
 21360 | Swamp:4  | Mangled by a fenstrider witch (14 damage)
 21441 | Swamp:4  | Got a decaying rune of Zot
 22098 | D:9      | Found a bloodstained altar of Trog.
 22128 | D:9      | Noticed Maurice
 22141 | D:9      | Killed Maurice
 22378 | D:9      | Found a burning altar of Makhleb.
 22503 | D:9      | Noticed Pikel
 22511 | D:9      | Killed Pikel
 22619 | D:9      | Found a basalt altar of Yredelemnul.
 22709 | D:9      | Noticed Harold
 22716 | D:9      | Killed Harold
 22773 | D:10     | Entered Level 10 of the Dungeon
 22987 | D:10     | Received a gift from Okawaru
 23236 | D:10     | Found Honefruni's Specific Store.
 23239 | D:10     | Found Rim Newy's General Store.
 23272 | D:10     | Found a shimmering blue altar of Sif Muna.
 23478 | D:10     | Found a staircase to the Orcish Mines.
 23544 | Orc:1    | Entered Level 1 of the Orcish Mines
 23641 | Orc:1    | Noticed Fannar
 23663 | Orc:1    | Killed Fannar
 23754 | Orc:2    | Entered Level 2 of the Orcish Mines
 23754 | Orc:2    | Found a staircase to the Elven Halls.
 23781 | Orc:2    | Found a radiant altar of Vehumet.
 23915 | Orc:2    | Found Nucueq's Jewellery Shoppe.
 23935 | Orc:2    | Found Viciaz's General Store.
 24042 | Orc:2    | Found Uvuca's Antique Armour Shop.
 24117 | Orc:2    | Found Fipnauco's Antique Weapon Boutique.
 24125 | Orc:2    | Reached XP level 19. HP: 157/157 MP: 19/19
 24776 | D:11     | Noticed Psyche
 24784 | D:11     | Killed Psyche
 24792 | D:11     | Found a frozen archway.
 25500 | D:12     | Received a gift from Okawaru
 26229 | D:13     | Identified the amulet "Tylaiv" {Spirit Harm rPois rF+++
                  | Int-5 Stlth-}
 26504 | D:14     | Noticed Rupert
 26513 | D:14     | Killed Rupert
 26588 | D:14     | Noticed Snorg
 26597 | D:14     | Killed Snorg
 26951 | D:14     | Found a hide-covered altar of Uskayaw.
 26990 | D:14     | Found a gate to the Vaults.
 27087 | D:14     | Identified the +8 tower shield of Honesty {rPois SInv}
 27087 | D:14     | Noticed Louise
 27102 | D:14     | Killed Louise
 27232 | D:15     | Entered Level 15 of the Dungeon
 27796 | D:15     | Received a gift from Okawaru
 27919 | D:15     | Found a staircase to the Depths.
 27946 | Depths:1 | Entered Level 1 of the Depths
 28060 | Vaults:1 | Entered Level 1 of the Vaults
 28417 | Vaults:1 | Upgraded the game from 0.30-a0-1114-gd936c97349 to
                  | 0.30-a0-1116-gebefce21f7
 28445 | Vaults:1 | Identified the +4 war axe of Illeross {antimagic, Str+3}
                  | (Okawaru gifted it to you on level 1 of the Vaults)
 28445 | Vaults:1 | Received a gift from Okawaru
 28446 | Vaults:1 | HP: 1/159 [dire elephant (26)]
 28447 | Vaults:1 | Mangled by a dire elephant (9 damage)
 28553 | Vaults:1 | Reached XP level 20. HP: 145/167 MP: 20/20
 28622 | Vaults:1 | Reached skill level 1 in Invocations
 28711 | Vaults:1 | Received a gift from Okawaru
 29138 | Vaults:1 | Killed from afar by an ironbound frostheart (25 damage)
                  | ... by creeping frost
 29453 | Vaults:1 | Received a gift from Okawaru
 30032 | Vaults:2 | HP: 6/172 [orc warlord/+0 great sword (10)]
 30034 | Vaults:2 | Annihilated by an orc warlord
                  | ... wielding a +1 heavy battleaxe
                  | (45 damage)
 30079 | Vaults:2 | Noticed Donald
 30089 | Vaults:2 | Killed Donald
 30441 | Snake:3  | Bought 3 scrolls of acquirement for 2496 gold pieces
 30443 | Snake:3  | Acquired a manual of Conjurations
 30447 | Snake:3  | Acquired a manual of Maces & Flails
 30449 | Snake:3  | Acquired the +2 pair of boots of Kalo {rElec Will+ Regen+}
 31001 | Vaults:2 | Identified the +4 trident "Tyikk" {freeze, rF- rN+++ Str+3
                  | Int+6} (Okawaru gifted it to you on level 2 of the Vaults)
 31001 | Vaults:2 | Received a gift from Okawaru
 31233 | Vaults:2 | Reached skill level 5 in Invocations
 31333 | Vaults:2 | Reached XP level 21. HP: 182/182 MP: 24/24
 31518 | Vaults:2 | Found Aceschiw's Jewellery Emporium.
 32052 | Vaults:3 | Found a staircase to the Crypt.
 32148 | Vaults:3 | Identified the +0 pair of boots of Minor Irritation {rElec}
                  | (Okawaru gifted it to you on level 3 of the Vaults)
 32148 | Vaults:3 | Received a gift from Okawaru
 32274 | Vaults:3 | Reached skill level 1 in Maces & Flails
 32306 | Vaults:3 | Reached skill level 1 in Conjurations
 32500 | Vaults:3 | Identified the +0 robe "Cugooqeyc" {rN+++ Int-2 Dex+2
                  | Stlth+}
 32539 | Vaults:3 | Gained mutation: You have large cloven feet. [mutagenic
                  | glow]
 32550 | Vaults:3 | Gained mutation: You occasionally lose the ability to read
                  | scrolls when taking damage. [mutagenic glow]
 32569 | Vaults:3 | Gained mutation: You sometimes lose the ability to read
                  | scrolls when taking damage. [mutagenic glow]
 32937 | Vaults:3 | Found a radiant altar of Vehumet.
 32949 | Vaults:3 | Identified the +1 robe of Past Mistakes {rC+ rCorr Int+2}
 32970 | Vaults:3 | Identified the +2 robe of the Game of Kings {Rampage rN+
                  | Int-4}
 33086 | Vaults:3 | Found Bazxaen's Jewellery Boutique.
 33196 | Vaults:4 | Noticed Frederick
 33207 | Vaults:4 | Killed Frederick
 33491 | Vaults:4 | Received a gift from Okawaru
 33501 | Vaults:4 | Reached XP level 22. HP: 180/198 MP: 27/27
 34421 | Vaults:4 | Identified the +3 ring mail of the Trombone {Dex+2}
 34512 | Vaults:5 | Entered Level 5 of the Vaults
 34521 | Vaults:5 | Identified the +3 ring mail "Heappul" {Will+ Int+5 Dex-4
                  | Stlth+} (Okawaru gifted it to you on level 5 of the Vaults)
 34521 | Vaults:5 | Received a gift from Okawaru
 34534 | Vaults:5 | Reached skill level 5 in Maces & Flails
 34534 | Vaults:5 | HP: 1/200 [yaktaur captain/bolt (25)]
 34535 | Vaults:5 | Demolished by a vault guard
                  | ... wielding a +0 bardiche
                  | (19 damage)
 34536 | Vaults:5 | Noticed an ancient lich
 34543 | Vaults:5 | Slain by a hell knight
                  | ... wielding a +4 long sword of flaming
                  | (24 damage)
 34554 | Vaults:5 | Demolished by a fire giant simulacrum (43 damage)
                  | ... animated by a necromancer
 34557 | Vaults:5 | Killed an ancient lich
 34557 | Vaults:5 | Mangled by a deep troll earth mage simulacrum (25 damage)
 34558 | Vaults:5 | Reached skill level 5 in Conjurations
 34562 | Vaults:5 | HP: 6/202 [deep elf high priest/divine providence (10)]
 34563 | Vaults:5 | Shot with a bolt by a yaktaur captain (21 damage)
 34572 | Vaults:5 | Killed from afar by a shadow dragon (38 damage)
                  | ... with a bolt of negative energy
 34589 | Vaults:5 | Noticed Margery
 34594 | Vaults:5 | Identified the scarf "Ucujo" {shadows, Drain rElec Int+3
                  | SInv} (Okawaru gifted it to you on level 5 of the Vaults)
 34594 | Vaults:5 | Received a gift from Okawaru
 34597 | Vaults:5 | Noticed an ancient lich
 34605 | Vaults:5 | HP: 3/196 [Margery/+1 broad axe of pain (21)]
 34605 | Vaults:5 | Mangled by Margery
                  | ... wielding a +1 broad axe of pain
                  | (10 damage)
 34611 | Vaults:5 | Identified the amulet "Curhibem" {Spirit rC++ rCorr Slay+3
                  | SInv}
 34615 | Vaults:5 | Killed Margery
 34616 | Vaults:5 | Reached XP level 23. HP: 133/209 MP: 29/29
 34619 | Vaults:5 | Killed an ancient lich
 34622 | Vaults:5 | Slain by an iron dragon (15 damage)
 34636 | Vaults:5 | HP: 8/204 [shadow dragon (10)]
 34637 | Vaults:5 | Killed from afar by a war gargoyle (20 damage)
                  | ... with a spray of metal splinters
 34645 | Vaults:5 | Slain by a storm dragon (16 damage)
 34650 | Vaults:5 | Annihilated by an ettin
                  | ... wielding a +0 dire flail
                  | (46 damage)
 34923 | Vaults:5 | Identified the +7 broad axe of the Ageing Saviour {freeze,
                  | rPois}
 34934 | Vaults:5 | Identified the +5 ring mail of Valiance {Harm rC+}
 34996 | Vaults:5 | Identified the staff of conjuration "Elyicir" {Str+3}
 35002 | Vaults:5 | Got Sif Muna's Codex of Geometric Flesh
 35007 | Vaults:5 | Identified the +0 ring mail of Eternal Night {Int+3 Dex+3}
 35291 | Vaults:5 | Got a silver rune of Zot
 35508 | Vaults:5 | Identified the staff of fire "Bosuy" {rF+ rC+}
 35608 | Vaults:5 | Identified the +10 long sword of Internal Strife {venom,
                  | rC+}
 35613 | Vaults:5 | Identified the staff of conjuration "Racket" {rC+}
 35639 | Vaults:5 | Identified the +0 robe of Qazlal's Hope {rElec rF+ Str+4}
 35950 | Crypt:1  | Entered Level 1 of the Crypt
 36038 | Crypt:1  | Noticed Jory
 36054 | Crypt:1  | Killed Jory
 36138 | Crypt:1  | Received a gift from Okawaru
 36993 | Crypt:2  | Identified the +10 plate armour "Bieshral" {rElec rC+}
                  | (Okawaru gifted it to you on level 2 of the Crypt)
 36993 | Crypt:2  | Received a gift from Okawaru
 37400 | Crypt:3  | Entered Level 3 of the Crypt
 37400 | Crypt:3  | Found a huge runed gate.
 37400 | Crypt:3  | Found a huge runed gate.
 37400 | Crypt:3  | Found a huge runed gate.
 37400 | Crypt:3  | Found a huge runed gate.
 37400 | Crypt:3  | Found a huge runed gate.
 37400 | Crypt:3  | Found a huge runed gate.
 37400 | Crypt:3  | Found a huge runed gate.
 37400 | Crypt:3  | Found a huge runed gate.
 37400 | Crypt:3  | Found a huge runed gate.
 37400 | Crypt:3  | Found a huge runed gate.
 37453 | Crypt:3  | Noticed an ancient lich
 37453 | Crypt:3  | Noticed a dread lich
 37454 | Crypt:3  | Noticed an ancient lich
 37458 | Crypt:3  | Reached XP level 24. HP: 215/216 MP: 29/29
 37466 | Crypt:3  | Killed a dread lich
 37468 | Crypt:3  | Killed an ancient lich
 37468 | Crypt:3  | Killed from afar by an ancient lich (67 damage)
                  | ... with a crystal spear
 37473 | Crypt:3  | Killed an ancient lich
 37475 | Crypt:3  | HP: 7/223 [ancient champion/iron shot (10)]
 37587 | Crypt:3  | Identified the +1 ring mail "Herphirhe" {*Slow Dex+6}
 37693 | Crypt:3  | Noticed Sojobo
 37718 | Crypt:3  | HP: 9/221 [skeletal warrior/+0 trident[an ancient champion]
                  | (11)]
 37724 | Crypt:3  | HP: 2/222 [ghostly tengu reaver/bolt of cold[Sojobo] (48)]
 37726 | Crypt:3  | Slain by a ghostly tengu reaver
                  | ... wielding a +4 long sword of freezing
                  | ... led by Sojobo
                  | (3 damage)
 37752 | Crypt:3  | Noticed an ancient lich
 37770 | Crypt:3  | Killed Sojobo
 37770 | Crypt:3  | Identified the +5 ring mail "Doeceg" {rPois rC++ Will-
                  | Dex+2} (Okawaru gifted it to you on level 3 of the Crypt)
 37770 | Crypt:3  | Received a gift from Okawaru
 37780 | Crypt:3  | Killed from afar by an ancient lich (51 damage)
                  | ... with a bolt of acid
 37782 | Crypt:3  | Killed an ancient lich
 38048 | Crypt:3  | Found a basalt altar of Yredelemnul.
 38492 | Crypt:3  | Noticed a dread lich
 38508 | Crypt:3  | Killed a dread lich
 38509 | Crypt:3  | Reached skill level 10 in Invocations
 38530 | Crypt:3  | Identified the +6 halberd "Hydra's Regret" {elec, *Slow
                  | Str+2 Int+2}
 38540 | Crypt:3  | Identified the staff of conjuration "Satzegre" {Fly Str+4
                  | Stlth+}
 38554 | Crypt:3  | Identified the +3 leather armour of the Lost Path {-Tele
                  | rElec Str+7 Int-3}
 38555 | Crypt:3  | Identified the staff of air "Edurad" {rElec Will+ Int+2}
 38598 | Crypt:3  | Identified the ring "Ihos" {rPois rN+ Str+2 Slay+2}
 38598 | Crypt:3  | Identified the ring of Doupluqaniu {+Blink rPois rF+ rN+
                  | Dex-3}
 38658 | Crypt:3  | Noticed a curse toe
 38682 | Crypt:3  | Killed a curse toe
 38893 | Crypt:3  | Found a staircase to the Tomb.
 39145 | Tomb:1   | Entered Level 1 of the Tomb of the Ancients
 39249 | Tomb:1   | Identified the +2 arbalest of Patterns {flame, rF+ Str+5}
                  | (Okawaru gifted it to you on level 1 of the Tomb of the
                  | Ancients)
 39249 | Tomb:1   | Received a gift from Okawaru
 39252 | Tomb:1   | Reached skill level 10 in Maces & Flails
 39434 | Tomb:1   | Noticed a royal mummy
 39463 | Tomb:1   | Killed a royal mummy
 39690 | Tomb:1   | Noticed a royal mummy
 39704 | Tomb:1   | Killed a royal mummy
 39726 | Tomb:1   | HP: 7/225 [mummy priest/divine providence (11)]
 39727 | Tomb:1   | Killed by divine providence
                  | ... invoked by a mummy priest
                  | (9 damage)
 40138 | Tomb:1   | Reached XP level 25. HP: 216/222 MP: 30/30
 40276 | Tomb:1   | Noticed a royal mummy
 40283 | Tomb:1   | Killed a royal mummy
 40669 | Tomb:2   | Noticed a royal mummy
 40671 | Tomb:2   | Noticed a royal mummy
 40673 | Tomb:2   | Noticed a royal mummy
 40673 | Tomb:2   | Noticed a royal mummy
 40678 | Tomb:2   | HP: 7/211 [??? (5)]
 40679 | Tomb:2   | HP: 2/211 [poisoned by an ushabti (dark miasma)]
 40679 | Tomb:2   | Killed by divine providence
                  | ... invoked by a royal mummy
                  | (10 damage)
 40683 | Tomb:2   | Killed by a mummy priest's death curse (15 damage)
 40689 | Tomb:2   | HP: 10/216 [poisoned by an ushabti (dark miasma)]
 40691 | Tomb:2   | HP: 3/217 [poisoned by an ushabti (dark miasma)]
 40691 | Tomb:2   | Mangled by a death scarab (14 damage)
                  | ... summoned by a royal mummy
 40692 | Tomb:2   | Killed a royal mummy
 40694 | Tomb:2   | Killed a royal mummy
 40695 | Tomb:2   | Reached skill level 27 in Fighting
 40703 | Tomb:2   | HP: 7/229 [death scarab[a royal mummy] (11)]
 40704 | Tomb:2   | Slain by an emperor scorpion (6 damage)
                  | ... summoned by a royal mummy
 40705 | Tomb:2   | Received a gift from Okawaru
 40708 | Tomb:2   | Killed a royal mummy
 40710 | Tomb:2   | HP: 6/233 [emperor scorpion[a royal mummy] (8)]
 40711 | Tomb:2   | Slain by a royal mummy (7 damage)
 40715 | Tomb:2   | Killed a royal mummy
 41491 | Tomb:1   | Noticed a royal mummy
 41504 | Tomb:1   | Killed a royal mummy
 41514 | Tomb:1   | Noticed a royal mummy
 41516 | Tomb:1   | Noticed a royal mummy
 41527 | Tomb:1   | Killed a royal mummy
 41532 | Tomb:1   | Killed a royal mummy
 41704 | Tomb:1   | Noticed a royal mummy
 41717 | Tomb:1   | Killed a royal mummy
 41871 | Tomb:1   | Noticed a royal mummy
 41880 | Tomb:1   | Killed a royal mummy
 41912 | Tomb:1   | Noticed a royal mummy
 41913 | Tomb:1   | Noticed a royal mummy
 41924 | Tomb:1   | Killed a royal mummy
 41928 | Tomb:1   | Noticed a royal mummy
 41934 | Tomb:1   | Killed by an exploding bennu (60 damage)
                  | ... ignited by themself
 41936 | Tomb:1   | Killed a royal mummy
 41940 | Tomb:1   | Noticed a royal mummy
 41949 | Tomb:1   | Killed a royal mummy
 41950 | Tomb:1   | Noticed a royal mummy
 41951 | Tomb:1   | Killed by divine providence
                  | ... invoked by a royal mummy
                  | (17 damage)
 41951 | Tomb:1   | Noticed a royal mummy
 41963 | Tomb:1   | Killed a royal mummy
 41965 | Tomb:1   | Noticed a royal mummy
 41967 | Tomb:1   | HP: 8/207 [??? (5)]
 41967 | Tomb:1   | Noticed a royal mummy
 41969 | Tomb:1   | Killed a royal mummy
 41970 | Tomb:1   | Reached skill level 10 in Conjurations
 41970 | Tomb:1   | Killed by divine providence
                  | ... invoked by a royal mummy
                  | (14 damage)
 41978 | Tomb:1   | Killed a royal mummy
 41987 | Tomb:1   | HP: 10/204 [??? (8)]
 41991 | Tomb:1   | Noticed a royal mummy
 41991 | Tomb:1   | Noticed a royal mummy
 41992 | Tomb:1   | Killed a royal mummy
 41992 | Tomb:1   | Killed by a royal mummy's death curse (24 damage)
 41998 | Tomb:1   | Killed a royal mummy
 42004 | Tomb:1   | HP: 8/217 [death scarab[a royal mummy] (11)]
 42006 | Tomb:1   | Slain by a death scarab (16 damage)
                  | ... summoned by a royal mummy
 42008 | Tomb:1   | Killed a royal mummy
 42015 | Tomb:1   | Gained mutation: Armour fits poorly on your strangely
                  | shaped body. [mutagenic glow]
 42018 | Tomb:1   | Killed a royal mummy
 42027 | Tomb:1   | Gained mutation: Your spells are a little easier to cast,
                  | but a little less powerful. [mutagenic glow]
 42040 | Tomb:1   | Gained mutation: Your body often deteriorates upon taking
                  | damage. [mutagenic glow]
 42053 | Tomb:1   | Lost mutation: Armour fits poorly on your strangely shaped
                  | body. [mutagenic glow]
 42072 | Tomb:1   | Gained mutation: You occasionally shout uncontrollably at
                  | your foes. [mutagenic glow]
 42224 | Tomb:2   | Identified the +0 chain mail "Gumuwewn" {rF+ rN+ Will+
                  | SInv}
 42228 | Tomb:2   | Received a gift from Okawaru
 42237 | Tomb:2   | Killed by an exploding bennu (26 damage)
                  | ... ignited by themself
 42269 | Tomb:2   | HP: 6/209 [spectral caustic shrike[a mummy priest] (11)]
 42269 | Tomb:2   | HP: 1/204 [spectral caustic shrike[a mummy priest] (5)]
 42270 | Tomb:2   | Killed by divine providence
                  | ... invoked by a mummy priest
                  | (9 damage)
 42282 | Tomb:2   | HP: 4/206 [mummy priest (17)]
 42284 | Tomb:2   | Killed by a guardian mummy's death curse (16 damage)
 42396 | Tomb:3   | Entered Level 3 of the Tomb of the Ancients
 42404 | Tomb:3   | Reached skill level 27 in Shields
 42407 | Tomb:3   | Reached XP level 26. HP: 137/225 MP: 31/31
 42411 | Tomb:3   | Gained mutation: You are weak. (Str -2) [mutagenic glow]
 42423 | Tomb:3   | HP: 4/238 [mummy priest/divine providence (15)]
 42424 | Tomb:3   | Slain by a death scarab (9 damage)
 42426 | Tomb:3   | Received a gift from Okawaru
 42429 | Tomb:3   | Gained mutation: You frequently scream uncontrollably at
                  | your foes. [mutagenic glow]
 42438 | Tomb:3   | Mangled by an ancient champion
                  | ... wielding a +2 heavy great mace
                  | (23 damage)
 42452 | Tomb:3   | Gained mutation: You are frail. (-10% HP) [mutagenic glow]
 42456 | Tomb:3   | Noticed a royal mummy
 42459 | Tomb:3   | Noticed a royal mummy
 42460 | Tomb:3   | Noticed a royal mummy
 42464 | Tomb:3   | Gained mutation: You occasionally lose the ability to drink
                  | potions when taking damage. [mutagenic glow]
 42466 | Tomb:3   | Noticed a royal mummy
 42468 | Tomb:3   | HP: 2/217 [death scarab (13)]
 42469 | Tomb:3   | Noticed a royal mummy
 42471 | Tomb:3   | Mangled by a death scarab (18 damage)
 42473 | Tomb:3   | Gained mutation: You are vulnerable to heat. (rF-)
                  | [mutagenic glow]
 42474 | Tomb:3   | Noticed a royal mummy
 42475 | Tomb:3   | Noticed a royal mummy
 42476 | Tomb:3   | HP: 10/217 [??? (7)]
 42477 | Tomb:3   | Killed by divine providence
                  | ... invoked by a mummy priest
                  | (15 damage)
 42480 | Tomb:3   | HP: 4/217 [poisoned by an ushabti (dark miasma)]
 42481 | Tomb:3   | HP: 1/217 [ushabti] (3)]
 42481 | Tomb:3   | Succumbed to an ushabti's dark miasma
 42485 | Tomb:3   | Succumbed to an ushabti's dark miasma
 42488 | Tomb:3   | Killed a royal mummy
 42488 | Tomb:3   | Received a gift from Okawaru
 42489 | Tomb:3   | HP: 6/217 [mummy priest/divine providence (9)]
 42490 | Tomb:3   | Engulfed by a revenant's spectral mist (11 damage)
 42494 | Tomb:3   | HP: 9/217 [royal mummy/divine providence (15)]
 42494 | Tomb:3   | HP: 4/217 [revenant (5)]
 42494 | Tomb:3   | Gained mutation: Your magical capacity is low. (-10% MP)
                  | [mutagenic glow]
 42498 | Tomb:3   | Slain by a guardian mummy (6 damage)
 42501 | Tomb:3   | HP: 9/217 [??? (7)]
 42502 | Tomb:3   | HP: 1/217 [ushabti] (8)]
 42502 | Tomb:3   | Killed by divine providence
                  | ... invoked by a royal mummy
                  | (17 damage)
 42507 | Tomb:3   | Gained mutation: You sometimes lose the ability to drink
                  | potions when taking damage. [mutagenic glow]
 42509 | Tomb:3   | HP: 5/217 [emperor scorpion[a royal mummy] (18)]
 42510 | Tomb:3   | Killed by divine providence
                  | ... invoked by a mummy priest
                  | (13 damage)
 42514 | Tomb:3   | HP: 9/217 [??? (7)]
 42515 | Tomb:3   | Killed by divine providence
                  | ... invoked by a royal mummy
                  | (10 damage)
 42522 | Tomb:3   | HP: 6/217 [royal mummy/divine providence (13)]
 42523 | Tomb:3   | Killed by divine providence
                  | ... invoked by a royal mummy
                  | (13 damage)
 42530 | Tomb:3   | Killed by divine providence
                  | ... invoked by a royal mummy
                  | (12 damage)
 42535 | Tomb:3   | Killed a royal mummy
 42536 | Tomb:3   | Killed a royal mummy
 42540 | Tomb:3   | Killed by divine providence
                  | ... invoked by a mummy priest
                  | (16 damage)
 42542 | Tomb:3   | Noticed a royal mummy
 42548 | Tomb:3   | HP: 8/217 [ushabti] (7)]
 42548 | Tomb:3   | Killed by divine providence
                  | ... invoked by a royal mummy
                  | (14 damage)
 42565 | Tomb:3   | HP: 9/217 [??? (6)]
 42566 | Tomb:3   | Engulfed by an ushabti's foul pestilence (10 damage)
 42568 | Tomb:3   | Succumbed to an ushabti's dark miasma
 42570 | Tomb:3   | Succumbed to an ushabti's dark miasma
 42571 | Tomb:3   | Killed a royal mummy
 42574 | Tomb:3   | HP: 8/217 [poisoned by an ushabti (dark miasma)]
 42574 | Tomb:3   | Slain by a death scarab (8 damage)
                  | ... summoned by a royal mummy
 42578 | Tomb:3   | Killed by divine providence
                  | ... invoked by a mummy priest
                  | (15 damage)
 42583 | Tomb:3   | HP: 7/217 [??? (5)]
 42585 | Tomb:3   | HP: 2/217 [poisoned by an emperor scorpion]
 42586 | Tomb:3   | Engulfed by an ushabti's foul pestilence (7 damage)
 42590 | Tomb:3   | Killed a royal mummy
 42590 | Tomb:3   | HP: 1/217 [guardian mummy (16)]
 42591 | Tomb:3   | Engulfed by an ushabti's foul pestilence (3 damage)
 42596 | Tomb:3   | HP: 3/217 [phantasmal warrior[a mummy priest] (18)]
 42596 | Tomb:3   | Slain by an emperor scorpion (5 damage)
                  | ... summoned by a royal mummy
 42606 | Tomb:3   | Killed by divine providence
                  | ... invoked by a mummy priest
                  | (15 damage)
 42612 | Tomb:3   | Lost dexterity.
 42615 | Tomb:3   | HP: 1/217 [royal mummy/divine providence (13)]
 42616 | Tomb:3   | Killed a royal mummy
 42616 | Tomb:3   | Killed by a royal mummy's death curse (29 damage)
 42620 | Tomb:3   | HP: 10/217 [emperor scorpion[a royal mummy] (5)]
 42621 | Tomb:3   | Engulfed by an ushabti's foul pestilence (16 damage)
 42624 | Tomb:3   | HP: 3/217 [emperor scorpion[a royal mummy] (12)]
 42624 | Tomb:3   | Killed by divine providence
                  | ... invoked by a mummy priest
                  | (9 damage)
 42626 | Tomb:3   | Slain by an emperor scorpion (6 damage)
                  | ... summoned by a royal mummy
 42632 | Tomb:3   | HP: 5/217 [royal mummy (6)]
 42632 | Tomb:3   | Killed by divine providence
                  | ... invoked by a royal mummy
                  | (15 damage)
 42638 | Tomb:3   | Killed a royal mummy
 42642 | Tomb:3   | HP: 1/217 [royal mummy (17)]
 42642 | Tomb:3   | Demolished by an emperor scorpion (16 damage)
                  | ... summoned by a royal mummy
 42648 | Tomb:3   | HP: 9/217 [emperor scorpion[a royal mummy] (3)]
 42648 | Tomb:3   | HP: 4/217 [emperor scorpion[a royal mummy] (2)]
 42648 | Tomb:3   | Mangled by an emperor scorpion (17 damage)
                  | ... summoned by a royal mummy
 42652 | Tomb:3   | Killed a royal mummy
 42653 | Tomb:3   | HP: 6/217 [poisoned by an emperor scorpion]
 42653 | Tomb:3   | Killed by divine providence
                  | ... invoked by a mummy priest
                  | (15 damage)
 42670 | Tomb:3   | HP: 8/198 [mummy (11)]
 42671 | Tomb:3   | HP: 3/198 [juggernaut skeleton (3)]
 42671 | Tomb:3   | Slain by a caustic shrike zombie (4 damage)
 42674 | Tomb:3   | Identified the +3 demon trident of Impermanence {flame, Fly
                  | Str-2 Dex+3} (Okawaru gifted it to you on level 3 of the
                  | Tomb of the Ancients)
 42674 | Tomb:3   | Received a gift from Okawaru
 42676 | Tomb:3   | HP: 8/199 [vampire[a mummy priest] (9)]
 42677 | Tomb:3   | HP: 3/199 [spriggan defender simulacrum (5)]
 42677 | Tomb:3   | Annihilated by a spriggan defender simulacrum (40 damage)
 42683 | Tomb:3   | HP: 2/199 [caustic shrike zombie (9)]
 42683 | Tomb:3   | Demolished by a death scarab (20 damage)
 42689 | Tomb:3   | HP: 3/199 [jiangshi[a mummy priest] (16)]
 42689 | Tomb:3   | Mangled by a jiangshi (10 damage)
                  | ... summoned by a mummy priest
 42692 | Tomb:3   | Killed by divine providence
                  | ... invoked by a smoke demon
                  | ... summoned by a mummy priest
                  | (13 damage)
 42697 | Tomb:3   | HP: 8/200 [caustic shrike zombie (9)]
 42697 | Tomb:3   | Killed from afar by a smoke demon (12 damage)
                  | ... with a ball of steam
                  | ... summoned by a mummy priest
 42709 | Tomb:3   | HP: 8/203 [death scarab (20)]
 42710 | Tomb:3   | Slain by a death scarab (12 damage)
 44194 | Tomb:3   | Identified the +8 short sword "Hydraslayer" {heavy, *Slow
                  | rF+ Dex+7 Stlth+}
 44217 | Tomb:3   | Identified the +1 dagger of the Pyrrhic Victory {heavy, rF+
                  | rN+ Str-5}
 44363 | Tomb:3   | Identified the +4 morningstar of Truncation {heavy, Fragile
                  | rElec Str+3}
 44363 | Tomb:3   | Identified the +0 leather armour of Uppieny {Fly rPois MP-9
                  | Stlth+}
 44439 | Tomb:3   | Identified the +2 flail of Ohies {freeze, rF- rN+ Int+4
                  | Dex+3}
 44442 | Tomb:3   | Got the Quarto of the Union and Resurrection
 44443 | Tomb:3   | Identified the +0 ring mail of Nasmi {Contam +Blink Int+8
                  | Dex-5}
 44457 | Tomb:3   | Identified the +1 spear "San Neirgh" {venom, rN+}
 44478 | Tomb:3   | Identified the staff of fire "Xuquteup" {+Blink rF+ Dex+3}
 44479 | Tomb:3   | Identified the ring of Ogugex {Wiz Fly Str+2 Dex+3 Slay-6}
 44511 | Tomb:3   | Identified the staff of earth "Dis Weur" {rElec}
 44592 | Tomb:3   | Got a golden rune of Zot
 45124 | Depths:1 | Lost intelligence.
 45137 | Depths:1 | HP: 2/208 [ettin/+0 great mace (19)]
 45137 | Depths:1 | Slain by an ettin
                  | ... wielding a +0 great mace
                  | (7 damage)
 45160 | Depths:1 | Found Okagap's One-of-a-Kind Books.
 45192 | Depths:1 | Killed from afar by a frost giant (51 damage)
                  | ... with a bolt of cold
 45659 | Depths:1 | Demolished by an iron troll (30 damage)
 45665 | Depths:1 | Killed from afar by an ice dragon (55 damage)
                  | ... with a blast of cold
 45929 | Depths:1 | Found Vomei's CLEARANCE SALE!.
 46137 | Depths:1 | Found the +5 glaive of the Guard {elec, spectral, AC+5}
 46142 | Depths:1 | Found a gateway to Hell.
 46633 | Depths:2 | Reached XP level 27. HP: 217/224 MP: 30/30
 46648 | Depths:2 | Found a one-way gate leading to the halls of Pandemonium.
 46662 | Depths:2 | Identified the +1 pair of boots of Jiocaeg {rPois rC- MP+9
                  | Str+2} (Okawaru gifted it to you on level 2 of the Depths)
 46662 | Depths:2 | Received a gift from Okawaru
 46996 | Depths:2 | Noticed Grunn
 47004 | Depths:2 | Mangled by a doom hound (28 damage)
                  | ... led by Grunn
 47010 | Depths:2 | HP: 4/185 [Grunn/+5 glaive of draining (35)]
 47010 | Depths:2 | Mangled by Grunn
                  | ... wielding a +5 glaive of draining
                  | (13 damage)
 47017 | Depths:2 | Slain by Grunn
                  | ... wielding a +5 glaive of draining
                  | (13 damage)
 47023 | Depths:2 | Demolished by Grunn
                  | ... wielding a +5 glaive of draining
                  | (40 damage)
 47031 | Depths:2 | Killed Grunn
 47036 | Depths:2 | Quit the game

Illustrated notes

Levels and vault maps discovered:
D:1:      tarquinn_simple_flora_water_e, layout_basic, minmay_pentomino_q4
D:2:      layout_loops_ring, basic_altar, nicolae_ecumenical_pavilion,
          bh_walls_and_bars, uniq_jessica, uniq_robin
D:3:      layout_basic, okawaru_trees_1
D:4:      layout_cave_pools, mainiacjoe_overflow_swirl
D:5:      minmay_skewed_foursquare, layout_cave_pools, marbit_many_paths,
          mainiacjoe_overflow_surrounded_room, jmf_multi_god_temple,
          serial_gnoll_camp, gnoll_camp_mini_house, gnoll_camp_mini_basic,
          gnoll_camp_mini_shop, gnoll_camp_mini_doghouse, gnoll_camp_medium_02,
          uniq_crazy_yiuf_cottage
D:6:      layout_basic, nicolae_vehumet_altar_sigil
D:7:      layout_basic, minmay_temple_entry_slanted, nrook_mini_vaults
D:8:      layout_basic, grunt_dithmenos_smoke, mainiacjoe_overflow_tiny_flanked,
          gammafunk_temple_overflow_wave, lair_entry_dummy
D:9:      layout_stronghold, lemuel_mausoleum_altar_yredelemnul,
          trog_ov_bears_minmay, general_overflow_altar, minmay_checkerbox,
          uniq_harold, uniq_maurice, uniq_pikel
D:10:     layout_long_grid, mainiacjoe_overflow_small_starburst, david_orc_4,
          nicolae_specific_store, corexii_mini_fake_secret_closet, minivault_12
D:11:     layout_long_grid, portal_ice_cave_rime, disabler_island, uniq_psyche
D:12:     layout_rooms, hangedman_abyss_or_decor_clamps
D:13:     layout_irregular_city
D:14:     layout_irregular_city, erik_vaults_1, nicolae_uskayaw_en_pointe,
          uniq_louise, uniq_snorg, uniq_rupert
D:15:     grunt_enter_depths_snipers, layout_basic, wad_floor_pattern_2
Lair:1:   layout_roguey, minmay_holes, nicolae_quartered_pool_medium,
          serial_bayou_shore_b
Lair:2:   layout_small_grid, minmay_swamp_entry_swarm, minmay_shattered_shrine
Lair:3:   layout_misc_corridors, minmay_snake_entry_guardpost_small, st_stairs_5
Lair:4:   layout_cave_shapes, dreamdust_mushroom_princess,
          grunt_forest_small_clearings
Lair:5:   wormcave, layout_gridlike, slime_entry_1, infiniplex_staircase_pool_2
Swamp:1:  layout_basic_swamp, hangedman_swamp_ruin_wall
Swamp:2:  layout_basic_swamp, ebering_ghost_inner_flame, nicolae_swamp_treefoil,
          swamp_pool1
Swamp:3:  layout_basic_swamp, evilmike_swamp_ruin_house_6, swamp_pool1,
          uniq_bai_suzhen, uniq_aizul
Swamp:4:  nzn_swamp_witches_coven, layout_basic_swamp
Snake:1:  gammafunk_sealed_arena, layout_concentric_octagons,
          ebering_ghost_rock_garden
Snake:2:  layout_honeycomb
Snake:3:  layout_cave_pods, serial_shops, shop, nicolae_snake_storage_room,
          serial_bayou_shore_b, minmay_shop_star, serial_bayou_shore_b
Snake:4:  hellmonk_snake_rune_quicksilver_temple, layout_onion_interference,
          st_stairs_1, nicolae_fountain_basement, minmay_shop_grove, uniq_nikola
Orc:1:    orc_temple, layout_caves, library_closet, minmay_orc_barracks,
          uniq_fannar
Orc:2:    grunt_orc_gardens, layout_diamond_mine, grunt_orc_garden,
          grunt_orc_garden, grunt_orc_garden, grunt_orc_garden, basic_altar,
          statue_in_the_mist_lemuel
Vaults:1: v_alt_pattern_3, vaults_room_hallway, nicolae_vaults_what_the_h,
          hangedman_vaults_locks, nicolae_vaults_rhombus_6, v_misc_16,
          vaults_room_grunt_arrival_ludios, nicolae_vaults_specimen_jars,
          ontoclasm_vaults_gateway, layout_vaults_chaotic_city
Vaults:2: dpeg_vaults_monster_box, v_alt_pattern_5, nicolae_vaults_alarming,
          ontoclasm_vaults_ring_square, nicolae_vaults_little_squares_5,
          nicolae_vaults_octagons, vaults_room_hallway, v_misc_23,
          hangedman_vaults_slice, nicolae_vaults_gold_heap, v_misc_30,
          ontoclasm_vaults_pinch, layout_vaults_ring, serial_shops,
          bzr_entry_dummy, shop, uniq_donald
Vaults:3: hangedman_vaults_maws, minmay_crypt_entry_simple_corners,
          vaults_room_boxed, grunt_tower_of_power, v_misc_28,
          hangedman_vaults_stagger, nicolae_vaults_three_branches,
          grunt_vaults_swirl, v_misc_24, nicolae_vaults_inception_scallops,
          vaults_room_pools, nicolae_vaults_little_squares_2,
          layout_vaults_maze_bifur, serial_shops, nicolae_shop_statue_plus
Vaults:4: hangedman_vaults_hat, vaults_room_fours, nicolae_vaults_network_s,
          vaults_room_large_hall, nicolae_vaults_little_squares_6,
          layout_vaults_omnigrid, uniq_frederick
Vaults:5: uniq_margery
Crypt:1:  layout_regular_city, lemuel_upstairs_altar, uniq_jory
Crypt:2:  layout_chaotic_city, roderic_lattice_octagonal_star,
          grunt_megastairs_3
Crypt:3:  due_elkab, layout_chaotic_city, tomb_entry_forgotten_bobbens,
          basic_altar, door_vault, uniq_sojobo
Tomb:1
Tomb:2
Tomb:3
Depths:1: layout_cave_shapes, hellmouth_1, hangedman_decor_push,
          nicolae_rare_books, nicolae_shop_clearance
Depths:2: evilmike_horseshoe, layout_basic, zin_angel,
          grunt_pan_entry_in_and_out, hell_entry,
          minmay_staircase_windowed_small, uniq_mara, uniq_grunn

Skill      XL: |  1  2  3  4  5  6  7  8  9 10 11 12 13 14 15 16 17 18 19 20 21 22 23 24 25 26 |
---------------+-------------------------------------------------------------------------------+-----
Fighting       | 4 5 6 8 9 10 12 13 14 15 16 19 22 24 25 26 27 | 27.0
Axes           | 3 4 5 7 8 10 11 12 13 15 16 17 18 19 20 | 20.8
Armour         | 4 5 6 7 8 10 11 12 13 14 15 16 | 16.1
Shields        | 5 6 7 9 10 11 13 14 15 17 18 19 21 24 27 | 27.0
Polearms       | 3 4 6 7 8 9 |  9.8
Invocations    | 5 6 8 9 10 11 14 | 14.5
Maces & Flails | 3 6 8 10 11 14 | 14.5
Conjurations   | 3 5 7 8 10 13 | 13.7
Dodging        | |  0.8
Stealth        | |  0.1

Action                     |  1- 3 |  4- 6 |  7- 9 | 10-12 | 13-15 | 16-18 | 19-21 | 22-24 | 25-27 || total
---------------------------+-------+-------+-------+-------+-------+-------+-------+-------+-------++-------
  Melee: War axe           |    64 |   126 |   304 |   175 |       |       |       |       |       ||   669
         Broad axe         |       |       |       |   138 |   334 |       |       |       |       ||   472
         Halberd           |       |       |       |    11 |    27 |       |       |       |       ||    38
         Executioner's axe |       |       |       |       |   131 |  1025 |  1016 |   924 |   816 ||  3912
Ability: Dig               |     1 |       |       |       |       |       |       |       |       ||     1
  Evoke: Phial of floods   |       |       |       |       |       |       |       |       |     1 ||     1
         Piece from Xom's  |       |       |       |       |       |       |       |       |     1 ||     1
    Use: Scroll            |     3 |     3 |     6 |     8 |     2 |    13 |    11 |     8 |     1 ||    55
         Potion            |       |       |       |       |       |       |       |       |     2 ||     2
   Stab: Petrified         |       |       |       |       |     3 |       |       |       |       ||     3
         Petrifying        |       |       |       |       |     1 |       |       |       |     2 ||     3
         Invisible         |       |       |       |       |     2 |    22 |     6 |     8 |     4 ||    42
         Confused          |       |       |       |       |       |     1 |       |       |       ||     1
 Armour: Scale mail        |    43 |    68 |   182 |   264 |   372 |    46 |       |       |       ||   975
         Crystal plate arm |       |       |       |       |       |   626 |   285 |   509 |  1542 ||  2962
  Dodge: Dodged            |    28 |    54 |   228 |   244 |   354 |   514 |   167 |   314 |   365 ||  2268
  Block: Buckler           |    19 |     2 |       |       |       |       |       |       |       ||    21
         Kite shield       |       |    67 |   255 |   367 |   724 |  1297 |   177 |       |       ||  2887
         Tower shield      |       |       |       |       |       |       |  1015 |  1536 |  1224 ||  3775

Table legend: (Time is in decaauts)
 A = Elapsed time spent in this place.
 B = Non-inter-level travel time spent in this place.
 C = Inter-level travel time spent in this place.
 D = Time resting spent in this place.
 E = Time spent auto-exploring this place.
 F = Levels seen in this place.
 G = Mean time per level.
                   A        B        C        D        E       F      G
               +--------+--------+--------+--------+--------+-----+--------+
         Total |  49558 |  46179 |   3379 |   8413 |  25476 |  43 | 1152.5 |
       Dungeon |  13022 |  11855 |   1167 |    708 |   8541 |  15 |  868.1 |
          Lair |   6418 |   5784 |    634 |    784 |   3648 |   5 | 1283.6 |
         Swamp |   3549 |   3382 |    167 |    646 |   1739 |   4 |  887.2 |
     Snake Pit |   5865 |   5440 |    425 |   1165 |   2843 |   4 | 1466.2 |
  Orcish Mines |    817 |    761 |     56 |      0 |    499 |   2 |  408.5 |
        Vaults |   7223 |   6763 |    460 |   1061 |   3949 |   5 | 1444.6 |
         Crypt |   3354 |   3179 |    175 |    284 |   1749 |   3 | 1118.0 |
          Tomb |   6497 |   6250 |    247 |   3284 |    837 |   3 | 2165.7 |
        Depths |   2810 |   2764 |     46 |    481 |   1669 |   2 | 1405.0 |
               +--------+--------+--------+--------+--------+-----+--------+

Top non-repeatable levels by time:
  Tomb:3: 3169 daAuts
  Tomb:1: 2610 daAuts
Depths:1: 2124 daAuts
Vaults:1: 2075 daAuts
     D:5: 1899 daAuts
 Crypt:3: 1898 daAuts
  Lair:5: 1867 daAuts
 Snake:1: 1640 daAuts
  Lair:2: 1623 daAuts
 Snake:3: 1572 daAuts
 Snake:4: 1436 daAuts
Vaults:4: 1356 daAuts
Vaults:5: 1343 daAuts
Vaults:3: 1255 daAuts
 Snake:2: 1216 daAuts
